 Dungeon Crawl Stone Soup version 0.25.0-46-gbd7b085 (webtiles) character file.

Game seed: 16935424813186208085

8365 2bobheroes the Archer (level 11, -2/92 HPs)
             Began as a Centaur Hunter on July 12, 2020.
             Was an Initiate of Okawaru.
             Slain by a flying skull (3 damage)
             ... in a Gauntlet.
             The game lasted 01:09:18 (16716 turns).

2bobheroes the Archer (Centaur Hunter)             Turns: 16716, Time: 01:09:20

Health: -2/92      AC: 10    Str: 13 (14) XL:     11   Next: 8%
Magic:  11/11      EV: 12    Int:  7 (10) God:    Okawaru [......]
Gold:   433        SH:  0    Dex: 12 (14) Spells: 10/10 levels left

rFire    . . .     SeeInvis .   z - +3 long sword (holy)
rCold    . . .     Gourm    .   (no shield)
rNeg     + + .     Faith    .   N - +2 robe {rN+}
rPois    .         Spirit   .   C - +2 helmet
rElec    .         Reflect  .   K - +0 cloak
rCorr    .         Harm     .   (no gloves)
MR       .....     NoTele   +   (no barding)
Stlth    ++........             (no amulet)
HPRegen  0.25/turn              u - ring of positive energy
MPRegen  0.12/turn              (no ring)

@: brilliant, hasted, very quick
A: large, hooves 3, deformed body, speed 2, tough skin 3
a: Renounce Religion


You were in a Gauntlet.
You worshipped Okawaru.
Okawaru was noncommittal.
You were not hungry.

You visited 3 branches of the dungeon, and saw 10 of its levels.
You also visited: Gauntlet.

You collected 433 gold pieces.

Inventory:

Hand Weapons
 a - a +2 shortbow
 p - a +0 hunting sling
 q - a +0 short sword of venom
 z - a +3 long sword of holy wrath (weapon)
 F - a +2 great sword
 G - a +3 battleaxe
Missiles
 d - 93 arrows
 e - 3 poisoned darts
 g - 144 stones
 i - 89 sling bullets
 l - a throwing net (quivered)
 y - 104 bolts
Armour
 m - a +0 chain mail
 C - a +2 helmet (worn)
 K - a +0 cloak (worn)
 N - a +2 robe of positive energy (worn)
Jewellery
 u - a ring of positive energy (left hand)
Wands
 D - a wand of polymorph (13)
 M - a wand of acid (9)
 O - a wand of paralysis (9)
Scrolls
 h - 4 scrolls of teleportation
 j - 2 scrolls of fog
 k - a scroll of amnesia
 v - 12 scrolls of remove curse
 w - a scroll of fear
 B - 2 scrolls of enchant weapon
 H - a scroll of random uselessness {unknown}
 I - a scroll of immolation
Potions
 b - 2 potions of flight
 n - a potion of curing
 o - a potion of magic
 s - a potion of resistance
 x - 3 potions of lignification
Comestibles
 f - 17 rations


   Skills:
 + Level 7.2 Fighting
 - Level 1.0 Short Blades
 + Level 7.4 Slings
 * Level 13.6 Bows
 + Level 5.4 Dodging
 + Level 4.8 Stealth


You had 10 spell levels left.
You didn't know any spells.
Your spell library contained the following spells:

 Spells                   Type           Power        Failure   Level  Hunger
 Animate Skeleton         Necr           N/A          43%         1    None
 Apportation              Tloc           #.....       43%         1    None
 Beastly Appendage        Tmut           #.....       43%         1    None
 Corona                   Hex            #......      43%         1    None
 Summon Small Mammal      Summ           #...         43%         1    None
 Sticks to Snakes         Tmut           #.......     56%         2    None
 Spider Form              Tmut/Pois      #.........   80%         3    None
 Ice Form                 Ice/Tmut       #.......     99%         4    None
 Blade Hands              Tmut           #.........   100%        5    None


Dungeon Overview and Level Annotations

Branches:
Dungeon (8/15)             Temple (1/1) D:6            Lair (1/6) D:8
Gauntlet (1/1)

Altars:
Ashenzari
Cheibriados
Dithmenos
Elyvilon
Fedhas
Gozag
Hepliaklqana
Kikubaaqudgha
Makhleb
Nemelex Xobeh
Okawaru
Qazlal
Ru
Sif Muna
Trog
Uskayaw
Vehumet
Wu Jian
Yredelemnul
Zin
The Shining One

Annotations:
Gauntlet 8 transporters, exclusion: obsidian statue


Innate Abilities, Weirdness & Mutations

You have hooves in place of feet.
Armour fits poorly on your strangely shaped body.
You cover ground very quickly.
You have extremely tough skin. (AC +3)


Message History

You feel weakened.
You feel dopey.
You feel clumsy.
The flying skull hits you but does no damage.
The flying skull hits you!
* * * LOW HITPOINT WARNING * * *
You miss the flying skull. You kick the flying skull.
The flying skull is heavily damaged.
The flying skull barely misses you.
You riposte.
You hit the flying skull.
The flying skull convulses.
Your kick misses the flying skull.
The flying skull is moderately damaged.
The flying skull barely misses you. The flying skull misses you.
You riposte.
You miss the flying skull. Your kick misses the flying skull.
The flying skull is moderately damaged.
You miss the flying skull.
The flying skull is heavily damaged.
The flying skull enters a dispersal trap!
The flying skull blinks!
The flying skull misses you.
You riposte.
You closely miss the flying skull.
The flying skull is heavily damaged.
The flying skull hits you.
You die...

...≈.§...........≈.............≈#
.§≈8§§..........≈8≈............∩#
.§.≈§§...........≈.............≈#
##...###########...###########..#
.#...#...#.....#...#..###.##.#..#
.#...#..#..##..#...###.##..#.#..#
a#####..##.z#.z#######.©..##!#..#
.#...#.z#..##.z#z..#..###.##)#..#
©#©.©#..##z§#.z#@z©###.##..8©#..#
.#...#..#..##.z#...###....##.#..#
?#####..##.§#.%#####...##.##[#..#
.#...#..#..##^.#...###.##....#..#
.#.8.#...#..^..#.8.###....##.#..#
##...###########...###########..#
................................#
...............................≈#
#################################


You could see 8 flying skulls.

Vanquished Creatures
  Harold (D:7)
  2 two-headed ogres
  Pikel (D:7)
  A cyclops (D:8)
  Grinder (D:5)
  6 yaks
  Sigmund (D:6)
  2 hungry ghosts (D:8)
  3 wargs (D:8)
  A porcupine (Lair:1)
  A water moccasin (D:8)
  An orc warrior (D:6)
  5 sky beasts
  2 black bears (D:8)
  An ice beast (D:7)
  A phantom (D:8)
  4 ogres
  A centaur (D:8)
  A gnoll sergeant (D:7)
  4 bullfrogs
  2 scorpions (D:4)
  5 killer bees (D:7)
  5 wights (D:6)
  A crimson imp (D:8)
  6 hounds
  2 jellies
  Crazy Yiuf (D:7)
  10 orc priests
  9 orc wizards
  A bullfrog skeleton (D:6)
  A centaur skeleton (D:5)
  3 iguanas
  3 worker ants
  A killer bee zombie (D:7)
  A hound skeleton (D:8)
  A worker ant zombie (D:8)
  6 gnolls
  7 adders
  4 shadow imps
  An ooze (D:2)
  An adder zombie (D:5)
  2 adder skeletons
  6 worms
  A dart slug (D:1)
  5 leopard geckos
  30 orcs
  7 bats
  4 giant cockroaches
  11 goblins
  4 hobgoblins
  2 jackals (D:7)
  2 quokkas
  2 ball pythons (D:1)
  5 frilled lizards
  11 kobolds
  A quokka skeleton (D:5)
  6 rats
  3 rat zombies (D:2)
213 creatures vanquished.

Vanquished Creatures (others)
  4 slaves (D:7)
  A gnoll (D:7)
  2 fungi (Gauntlet)
  3 plants (Gauntlet)
10 creatures vanquished.

Grand Total: 223 creatures vanquished

Notes
Turn   | Place    | Note
-------+----------+-------------------------------------------
     0 | D:1      | 2bobheroes the Centaur Hunter began the quest for the Orb.
     0 | D:1      | Reached XP level 1. HP: 17/17 MP: 1/1
   352 | D:1      | Reached XP level 2. HP: 24/24 MP: 2/2
  1085 | D:1      | Reached skill level 6 in Bows
  1406 | D:2      | Reached XP level 3. HP: 29/29 MP: 3/3
  1909 | D:2      | Reached skill level 1 in Stealth
  1909 | D:2      | Reached XP level 4. HP: 23/37 MP: 4/4
  1962 | D:2      | Reached skill level 1 in Short Blades
  2654 | D:2      | Found an ancient bone altar of Kikubaaqudgha.
  3062 | D:3      | Noticed an ogre
  3069 | D:3      | Killed an ogre
  3069 | D:3      | Reached skill level 1 in Slings
  3069 | D:3      | Reached skill level 7 in Bows
  3069 | D:3      | Reached XP level 5. HP: 44/44 MP: 5/5
  3409 | D:3      | Found a shadowy altar of Dithmenos.
  3474 | D:3      | Reached XP level 6. HP: 51/51 MP: 6/6
  4072 | D:4      | Noticed a yak
  4099 | D:4      | Killed a yak
  4124 | D:4      | Noticed a yak
  4124 | D:4      | Noticed a yak
  4535 | D:4      | Reached skill level 8 in Bows
  4535 | D:4      | Reached XP level 7. HP: 55/57 MP: 7/7
  4658 | D:4      | Noticed a yak
  4731 | D:3      | Killed a yak
  4961 | D:4      | Noticed a yak
  4964 | D:4      | Noticed a yak
  4997 | D:4      | Killed a yak
  5055 | D:3      | Killed a yak
  5055 | D:3      | Reached skill level 9 in Bows
  5157 | D:3      | Killed a yak
  5157 | D:3      | Reached XP level 8. HP: 57/66 MP: 8/8
  5406 | D:4      | Found a basalt altar of Yredelemnul.
  5822 | D:5      | Entered Level 5 of the Dungeon
  5968 | D:5      | Noticed Grinder
  5987 | D:5      | Killed Grinder
  6286 | D:5      | Found a sacrificial altar of Ru.
  6348 | D:5      | Reached skill level 10 in Bows
  6414 | D:5      | Found a shattered altar of Ashenzari.
  6737 | D:5      | Found a shimmering blue altar of Sif Muna.
  7138 | D:6      | Found a staircase to the Ecumenical Temple.
  7147 | D:6      | Reached skill level 5 in Fighting
  7151 | Temple   | Entered the Ecumenical Temple
  7476 | D:6      | Found a sparkling altar of Nemelex Xobeh.
  7478 | D:6      | Found a blossoming altar of Fedhas.
  7560 | D:6      | Found a stormy altar of Qazlal.
  7763 | D:6      | Reached XP level 9. HP: 48/74 MP: 9/9
  8651 | D:6      | Found a glowing golden altar of the Shining One.
  8759 | D:6      | Found an opulent altar of Gozag.
  8763 | D:6      | Found a glowing golden altar of the Shining One.
  8763 | D:6      | Noticed Sigmund
  8765 | D:6      | Found an ornate altar of the Wu Jian Council.
  8809 | D:7      | Noticed Harold
  9170 | D:6      | Reached skill level 5 in Slings
  9766 | D:6      | Reached skill level 11 in Bows
 10432 | D:7      | Noticed Pikel
 10476 | D:7      | Killed Pikel
 11554 | D:7      | Found a runed translucent door.
 11555 | D:7      | Noticed Crazy Yiuf
 11615 | D:7      | Killed Crazy Yiuf
 11626 | D:7      | Reached skill level 12 in Bows
 11630 | D:7      | Reached XP level 10. HP: 59/83 MP: 10/10
 11714 | D:6      | Killed Sigmund
 11935 | D:7      | Killed Harold
 12132 | D:7      | Found a shimmering altar of Xom.
 12271 | D:7      | Found a shimmering altar of Xom.
 12271 | D:7      | Found a shimmering altar of Xom.
 12271 | D:7      | Found a shimmering altar of Xom.
 12380 | D:8      | Noticed a two-headed ogre
 12462 | D:7      | Killed a two-headed ogre
 12769 | D:8      | Reached skill level 5 in Dodging
 13544 | D:8      | Found a staircase to the Lair.
 13645 | D:8      | Reached skill level 13 in Bows
 14492 | D:8      | Noticed a cyclops
 14604 | D:8      | Killed a cyclops
 15015 | D:8      | Noticed a two-headed ogre
 15213 | D:8      | Killed a two-headed ogre
 15213 | D:8      | Reached XP level 11. HP: 75/92 MP: 11/11
 15442 | D:8      | Found an iron altar of Okawaru.
 15447 | D:8      | Became a worshipper of Warmaster Okawaru
 16012 | Lair:1   | Entered Level 1 of the Lair of Beasts
 16105 | Lair:1   | Found a gate leading to a gauntlet.
 16119 | Gauntlet | Entered a Gauntlet
 16119 | Gauntlet | Found a transporter.
 16119 | Gauntlet | Found a transporter.
 16119 | Gauntlet | Noticed a queen ant
 16417 | Gauntlet | Found a transporter.
 16421 | Gauntlet | Found a transporter.
 16437 | Gauntlet | Found a transporter.
 16439 | Gauntlet | Found a transporter.
 16452 | Gauntlet | Found a transporter.
 16453 | Gauntlet | Noticed an obsidian statue
 16473 | Gauntlet | Found a transporter.
 16484 | Gauntlet | Found a transporter.
 16486 | Gauntlet | Found a transporter.
 16486 | Gauntlet | Noticed a reaper
 16496 | Gauntlet | Found a transporter.
 16500 | Gauntlet | Found a transporter.
 16714 | Gauntlet | HP: 1/92 [flying skull (9)]
 16716 | Gauntlet | Slain by a flying skull

Illustrated notes

Levels and vault maps discovered:
D:1:      wander_arrival_chamber, layout_loops_corners
D:2:      layout_basic, lemuel_zombie_altar_kikubaaqudgha,
          serial_co_window_serial, co_window_corner_a, co_window_paths_b,
          co_window_paths_b, co_window_paths_a, co_window_paths_b,
          co_window_corner_b, co_window_corner_b, co_window_unsneaky_path_c,
          co_window_broadway_c, glass_columns_a, glass_columns_b,
          glass_columns_c, glass_columns_a, st_stairs_8, nrook_campfire
D:3:      layout_rooms, lemuel_doored_altar
D:4:      layout_basic, old_standard_altar
D:5:      layout_basic, tgw_sif, cheibrodos_ashenzari_chains, first_ration,
          nicolae_ru_sacrificial_ziggurat, uniq_grinder
D:6:      layout_loops_ring, nicolae_overflow_hidden_temple,
          nicolae_overflow_crystal_walls, minmay_temple_entry_proselytizer,
          tso_altar, uniq_sigmund
D:7:      layout_loops_ring, xom_shifter_show, uniq_crazy_yiuf_cottage,
          uniq_harold, uniq_pikel
D:8:      wad_arrow_thing, layout_basic, marbit_many_paths,
          erik_lair_orcish_takeover
Temple:   compressed_dpeg_triangle_lava_temple
Lair:1:   layout_misc_corridors, gauntlet_entry_generic, grunt_megastairs_2
Gauntlet: gammafunk_gauntlet_hard_choice
          [gammafunk_gauntlet_arena_split_diamond,
          gammafunk_gauntlet_arena_arrow_garden, gammafunk_gauntlet_arena_teeth,
          nicolae_gauntlet_arena_blocks, gammafunk_gauntlet_arena_crates,
          gammafunk_gauntlet_arena_split_x, gauntlet_exit_green]

Skill      XL: |  1  2  3  4  5  6  7  8  9 10 |
---------------+-------------------------------+-----
Bows           | 6 7 8 9 10 12 13 | 13.6
Stealth        | 1 2 3 4 |  4.8
Short Blades   | 1 |  1.0
Dodging        | 2 3 4 5 |  5.4
Slings         | 1 2 3 4 6 7 |  7.4
Fighting       | 3 4 5 6 7 |  7.2

Action                   |  1- 3 |  4- 6 |  7- 9 | 10-12 || total
-------------------------+-------+-------+-------+-------++-------
Melee: Short sword       |   112 |    39 |   137 |   113 ||   401
       Kick              |    15 |     6 |    45 |    29 ||    95
       Great sword       |       |       |     2 |       ||     2
       Unarmed           |       |       |       |     4 ||     4
       Long sword        |       |       |       |     3 ||     3
 Fire: Shortbow          |    25 |    36 |   112 |    99 ||   272
       Hunting sling     |       |   161 |   285 |   218 ||   664
Throw: Stone             |     6 |     1 |    11 |       ||    18
       Dart              |       |       |     7 |     3 ||    10
Evoke: Wand              |       |       |       |     1 ||     1
  Use: Scroll            |       |       |    13 |     7 ||    20
       Potion            |       |       |       |     5 ||     5
 Stab: Sleeping          |       |       |       |     5 ||     5
       Confused          |       |       |       |     1 ||     1
  Eat: Chunk             |     2 |     7 |    12 |    10 ||    31
       Ration            |       |       |     2 |     1 ||     3
Armor: Leather armour    |    53 |    20 |    55 |    22 ||   150
       Robe              |       |       |       |    53 ||    53
       Skin              |       |       |       |     1 ||     1
Dodge: Dodged            |    52 |    27 |   116 |    97 ||   292
       Rpst.: Great sword |       |       |     1 |       ||     1
       Long sword        |       |       |       |     4 ||     4
